 Dungeon Crawl Stone Soup version 0.29.0-13-gc9e81de378 (webtiles) character file.

Game seed: 11909015210980812616

167 LabCoat the Chopper (level 5, -1/47 HPs)
             Began as a Hill Orc Fighter on Sept 8, 2022.
             Slain by an orc wizard
             ... wielding a +2 dagger of speed
              (5 damage)
             ... on level 3 of the Dungeon.
             The game lasted 00:04:40 (1867 turns).

LabCoat the Chopper (Hill Orc Fighter)              Turns: 1867, Time: 00:04:41

Health: -1/47      AC:  9    Str: 21    XL:     5   Next: 48%
Magic:  5/5        EV:  9    Int:  8    God:
Gold:   134        SH:  0    Dex: 10    Spells: 4/4 levels left

rFire   . . .      SeeInvis .   a - +0 war axe
rCold   . . .      Faith    .   c - +0 buckler
rNeg    . . .      Spirit   .   b - +0 scale mail
rPois   .          Reflect  .   (no helmet)
rElec   .          Harm     .   n - +0 cloak
rCorr   .          Rampage  .   l - +0 pair of gloves
Will    .....                   (no boots)
Stlth   ..........              (no amulet)
HPRegen 0.15/turn               (no ring)
MPRegen 0.09/turn               (no ring)

@: confused, mighty, on berserk cooldown, slowed, very slow
A: no striking features
a: no special abilities


You were on level 3 of the Dungeon.
You visited 1 branch of the dungeon, and saw 3 of its levels.

You collected 134 gold pieces.

Inventory:

Hand Weapons
 a - a +0 war axe (weapon)
 g - a +0 club
Missiles
 m - 2 poisoned darts (quivered)
Armour
 b - a +0 scale mail (worn)
 c - a +0 buckler (worn)
 l - a +0 pair of gloves (worn)
 n - a +0 cloak (worn)
Scrolls
 h - a scroll of acquirement {unknown}
 k - a scroll of silence
Potions
 i - 2 potions of resistance
 j - 2 potions of mutation {unknown}
 p - a potion of attraction {unknown}


   Skills:
 + Level 4.3 Fighting
 * Level 4.7(5.0) Axes
 + Level 2.0(3.2) Maces & Flails
 + Level 4.0 Armour
 + Level 4.0 Shields


You had 4 spell levels left.
You didn't know any spells.
Your spell library contained the following spells:

 Spells                   Type           Power      Damage    Failure   Level
 Magic Dart               Conj           0%         1d3       83%         1
 Call Imp                 Summ           0%         N/A       92%         2
 Mephitic Cloud           Conj/Pois/Air  0%         N/A       99%         3


Dungeon Overview and Level Annotations

Branches:
Dungeon (3/15)

Altars:


Message History

Something hits you but does no damage.
You closely miss something.
You feel less confused. Something hits you but does no damage.
You hear some strange, mumbled words.
A magic dart appears from out of thin air!
The magic dart hits you!
* * * LOW HITPOINT WARNING * * *
You miss something.
You hear some strange, mumbled words.
You are confused.
Something hits you but does no damage.
You feel better.
Something hits you but does no damage. x3
You completely miss something. Something hits you.
You block something's attack.
You closely miss something.
Something hits you but does no damage. x2
Something hits you.
* * * LOW HITPOINT WARNING * * *
You hit something but do no damage.
You hear some strange, mumbled words.
A magic dart appears from out of thin air!
The magic dart hits you!
* * * LOW HITPOINT WARNING * * *
Something completely misses you. Something hits you.
* * * LOW HITPOINT WARNING * * *
You feel better.
You hear some strange, mumbled words.
A magic dart appears from out of thin air!
The magic dart hits you.
* * * LOW HITPOINT WARNING * * *
You hear some strange, mumbled words.
You are confused.
You miss something. Something hits you.
* * * LOW HITPOINT WARNING * * *
Something hits you but does no damage.
You feel very mighty all of a sudden.
You hear some strange, mumbled words.
Something tries to affect you, but you resist.
Something hits you.
You die...

#.##....# .##
#.###.### ...#### #.#
#.### #.....####.#
#...###### #......##.#
#.#......#
#..)...#..###.........
#......#.##.†.#...#...
#.....{#)##..###.###..
#....@.)>##....###...)
#.....)#.##†.###.###).
########.##...#)..#...
#....#..[#...#.
###.###.###....
#...###...###
#.#######.#
#..#...#..#
##.......##


There were no monsters in sight!

Vanquished Creatures
  2 orc priests (D:3)
  An orc wizard (D:3)
  An adder (D:3)
  A worm (D:3)
  4 dart slugs
  5 orcs (D:3)
  4 bats
  6 endoplasms
  2 giant cockroaches (D:1)
  4 goblins
  5 hobgoblins
  3 quokkas
  7 ball pythons
  5 frilled lizards
  2 kobolds (D:1)
  5 rats (D:1)
57 creatures vanquished.

Notes
Turn   | Place    | Note
-------+----------+-------------------------------------------
     0 | D:1      | LabCoat the Hill Orc Fighter began the quest for the Orb.
     0 | D:1      | Reached XP level 1. HP: 19/19 MP: 1/1
    61 | D:1      | Reached XP level 2. HP: 24/27 MP: 2/2
    93 | D:1      | Found a faded altar of an unknown god.
   310 | D:1      | Reached XP level 3. HP: 31/33 MP: 3/3
   320 | D:1      | Reached skill level 1 in Maces & Flails
  1726 | D:3      | Reached XP level 4. HP: 35/40 MP: 4/4
  1844 | D:3      | Reached XP level 5. HP: 30/46 MP: 5/5
  1867 | D:3      | Slain by an orc wizard

Illustrated notes

Levels and vault maps discovered:
D:1:      spicycebolla_green_bress_n_ham_2, layout_basic,
          hellmonk_ecumenical_altar_blasted, st_stairs_14
D:2:      layout_basic
D:3:      layout_basic, biasface_ghost_orc_armoury, minmay_between, uniq_sigmund

Skill      XL: |  1  2  3  4  5 |
---------------+----------------+-----
Axes           | 3 4 |  4.7
Maces & Flails | 1 2 |  2.0
Fighting       | 4 |  4.3
Armour         | 4 |  4.0
Shields        | 4 |  4.0

Action                   |  1- 3 |  4- 6 || total
-------------------------+-------+-------++-------
Melee: War axe           |   119 |    45 ||   164
  Use: Scroll            |     9 |       ||     9
       Potion            |       |     4 ||     4
Armor: Scale mail        |    63 |    29 ||    92
Dodge: Dodged            |    51 |    22 ||    73
Block: Buckler           |    32 |    10 ||    42
